 Dungeon Crawl Stone Soup version 0.15.0-23-gc2b521c (console) character file.

319 gw the Cudgeler (level 6, 21/56 HPs)
             Began as a Deep Dwarf Gladiator on Sept 8, 2014.
             Was an Initiate of Makhleb.
             Starved to death
             ... on Level 4 of the Dungeon.
             The game lasted 00:04:15 (4127 turns).

gw the Cudgeler (Deep Dwarf Gladiator)              Turns: 4127, Time: 00:04:15

HP  21/56        AC 13     Str 18      XL: 6   Next: 21%
MP   7/7         EV  5     Int  9      God: Makhleb [......]
Gold 0           SH  0     Dex 13      Spells:  0 memorised,  5 levels left

rFire  + . .     SeeInvis .     a - +0 flail
rCold  . . .     Clarity  .     g - +0 plate armour
rNeg   . . .     rCorr    .     (no shield)
rPois  .         rRot     .     c - +0 helmet
rElec  .         Spirit   .     (no cloak)
SustAb .         Warding  .     (no gloves)
rMut   .         Stasis   .     (no boots)
Gourm  .                        (no amulet)
MR     .....                    (no ring)
                                j - ring of protection from fire

@: starving, non-regenerating, not resistant to hostile enchantments, extremely
unstealthy
A: damage resistance, recharge devices, clumsy 1, sense surroundings 1, shaggy
fur 1, slow healing 3, placid magic 1
a: Device Recharging, Renounce Religion


You were on level 4 of the Dungeon.
You worshipped Makhleb.
Makhleb was noncommittal.
You were starving.

You visited 1 branch of the dungeon, and saw 4 of its levels.

Inventory:

Hand weapons
 a - a +0 flail (weapon)
Missiles
 d - 3 throwing nets
Armour
 c - a +0 helmet (worn)
 g - a +0 plate armour (worn)
Magical devices
 b - a wand of cold (10) {unknown}
 e - a wand of heal wounds (1)
Comestibles
 f - 2 bread rations
 h - a meat ration
 m - 3 fruits
Scrolls
 k - 3 scrolls of teleportation
 l - 3 scrolls of identify
 n - a scroll of amnesia {unknown}
 o - a scroll of recharging {unknown}
Jewellery
 j - a ring of protection from fire (left hand)
Potions
 i - 4 potions of curing


   Skills:
 + Level 3.1 Fighting
 * Level 5.3 Maces & Flails
 - Level 1.7 Throwing
 + Level 3.1 Armour
 - Level 3.2 Dodging
 + Level 1.5 Invocations


You had 5 spell levels left.
You didn't know any spells.

Dungeon Overview and Level Annotations

Branches:
Dungeon (4/15)
 Temple: D:4-7

Altars:
Ashenzari
Cheibriados
Kikubaaqudgha
Makhleb
Nemelex Xobeh
Vehumet
Zin

Annotations:
D:2 exclusion: downstairs


Innate Abilities, Weirdness & Mutations

You are resistant to damage.
You can recharge devices by infusing magical energy.
You passively map a small area around you.
You do not heal naturally.
You are clumsy. (Dex -2)
You are covered in fur (AC +1).
Your spells are a little easier to cast, but a little less powerful.


Message History

ATTACKING (1,0)
You swing at nothing.
ATTACKING (1,0)
You swing at nothing.
ATTACKING (1,0)
You swing at nothing.
ATTACKING (1,0)
You swing at nothing.
ATTACKING (1,0)
You swing at nothing.
ATTACKING (1,0)
You swing at nothing.
ATTACKING (1,0)
You swing at nothing.
ATTACKING (1,0)
You swing at nothing.
ATTACKING (1,0)
You swing at nothing.
You have starved to death.
You die...

. * .# *b# * #, ##..*
# #, .##### .#...
....##*#.#.#
#.##..###...## ., #.#
#.#########.# #.#
#g..#####b..* #.#
###.#####.### #.#
#...#####...#
#.###.#########.##
#.##..###...###..##...
#....####.#.####......
#.#####)..#...### ...
#.# ##..#####..## #...
#.# #.## ##.# #...


You could see 2 bats.

Table legend:
 A = Turns spent in this place as a percentage of turns spent in the entire game.
 B = Non-inter-level travel turns spent in this place as a percentage of non-inter-level travel turns spent in the entire game.
 C = Inter-level travel turns spent in this place as a percentage of turns spent in this place.
 D = Turns resting spent in this place as a percentage of non-inter-level travel turns spent in this place.
 E = Turns spent auto-exploring this place as a percentage of non-inter-level travel turns spent in this place.
 F = Non-inter-level travel turns spent in this place divided by the number of levels of this place that you've seen.
                   A       B       C       D       E      F
               +-------+-------+-------+-------+-------+----------------------
         Total | 100.0 | 100.0 |   0.6 |   0.0 |  10.6 | 423.2
       Dungeon | 100.0 | 100.0 |   0.6 |   0.0 |  10.6 | 423.2
               +-------+-------+-------+-------+-------+----------------------

Table legend:
 A = Kills in this place as a percentage of kills in entire the game.
 B = Kills by you in this place as a percentage of kills by you in the entire game.
 C = Kills by friends in this place as a percentage of kills by friends in the entire game.
 D = Other kills in this place as a percentage of other kills in the entire game.
 E = Experience gained in this place as a percentage of experience gained in the entire game.
 F = Experience gained in this place divided by the number of levels of this place that you have seen.
                   A       B       C       D       E      F
               +-------+-------+-------+-------+-------+----------------------
         Total | 100.0 | 100.0 |  -nan |  -nan | 100.0 | 114.2
       Dungeon | 100.0 | 100.0 |  -nan |  -nan | 100.0 | 114.2
               +-------+-------+-------+-------+-------+----------------------

Vanquished Creatures
  An ogre (D:3)
  An iguana (D:4)
  A hound (D:4)
  A worker ant (D:4)
  4 adders
  4 gnolls (D:3)
  3 worms
  3 giant geckos
  An orc (D:3)
  A ball python (D:3)
  5 bats
  10 goblins
  13 hobgoblins
  7 jackals
  7 kobolds
  4 giant cockroaches
  2 giant newts (D:1)
  A hobgoblin skeleton (D:4)
  A kobold skeleton (D:4)
  10 rats
80 creatures vanquished.

Notes
Turn   | Place    | Note
--------------------------------------------------------------
     0 | D:1      | gw, the Deep Dwarf Gladiator, began the quest for the Orb.
     0 | D:1      | Reached XP level 1. HP: 19/19 MP: 1/1
   333 | D:1      | Reached XP level 2. HP: 24/26 MP: 2/2
   942 | D:2      | Reached skill level 1 in Armour
   942 | D:2      | Reached XP level 3. HP: 32/32 MP: 3/3
  1283 | D:2      | Reached skill level 4 in Maces & Flails
  1930 | D:3      | Reached XP level 4. HP: 30/40 MP: 4/4
  1969 | D:3      | Noticed an ogre
  2040 | D:3      | Killed an ogre
  2040 | D:3      | Reached XP level 5. HP: 20/48 MP: 5/5
  2333 | D:3      | Found an ancient bone altar of Kikubaaqudgha.
  2344 | D:2      | Gained mutation: You are clumsy. (Dex -2) [potion of mutation]
  2344 | D:2      | Gained mutation: Your spells are a little easier to cast, but a little less powerful. [potion of mutation]
  2344 | D:2      | Gained mutation: You are covered in fur (AC +1). [potion of mutation]
  2630 | D:3      | Found a glowing silver altar of Zin.
  2665 | D:3      | Found a radiant altar of Vehumet.
  2670 | D:3      | Found a sparkling altar of Nemelex Xobeh.
  2689 | D:3      | Found a shattered altar of Ashenzari.
  2692 | D:3      | Found a burning altar of Makhleb.
  2695 | D:3      | Became a worshipper of Makhleb the Destroyer
  2714 | D:3      | Found a snail-covered altar of Cheibriados.
  3086 | D:4      | Reached skill level 5 in Maces & Flails
  3086 | D:4      | Reached skill level 1 in Invocations
  3142 | D:4      | Reached XP level 6. HP: 32/56 MP: 5/7
  4127 | D:4      | Starved to death

Action                   |  1- 3 |  4- 6 || total
-------------------------+-------+-------++-------
Melee: Flail             |   169 |   168 ||   337
Evoke: Wand              |       |     4 ||     4
  Use: Scroll            |     4 |     1 ||     5
       Potion            |     2 |     2 ||     4
  Eat: Chunk             |     3 |     3 ||     6
       Bread ration      |       |     1 ||     1

Vault maps used:
D:1:      dpeg_cavernosity, hangedman_decor_points, grunt_decor_arrowhead
D:2:      kennysheep_doodads
D:3:      zin_scriptorium, minitemple, lemuel_statue_altar
D:4:      serial_co_window_serial, co_window_corner_a,
          co_window_of_opportunity_a, co_window_corner_a, co_window_corner_a,
          co_window_paths_b, co_window_corner_ca, co_window_corner_ca,
          co_window_2corner, co_window_broadway_c, co_window_unsneaky_path_e,
          co_window_sun, co_window_paths_d, glass_columns_a, glass_columns_b,
          first_bread
